 Dungeon Crawl Stone Soup version 0.22.1-2-g9c5b331383 (webtiles) character file.

251 thinkster the Sneak (level 5, -7/24 HPs)
             Began as a Spriggan Assassin on Dec 16, 2018.
             Was a Follower of Hepliaklqana.
             Killed by divine providence
             ... invoked by an orc priest
              (13 damage)
             ... on level 5 of the Dungeon.
             The game lasted 00:43:17 (2665 turns).

thinkster the Sneak (Spriggan Assassin)             Turns: 2665, Time: 00:43:18

Health: -7/24      AC:  3    Str:  7    XL:     5   Next: 88%
Magic:  6/6        EV: 17    Int: 12    God:    Hepliaklqana [*.....]
Gold:   164        SH:  0    Dex: 19    Spells: 4/4 levels left

rFire    . . .     SeeInvis +   b - +0 blowgun
rCold    . . .     Gourm    .   (shield restricted)
rNeg     . . .     Faith    .   c - +0 robe
rPois    .         Spirit   .   (helmet restricted)
rElec    .         Reflect  .   d - +0 cloak
rCorr    .         Harm     .   (gloves unavailable)
MR       +....                  (boots unavailable)
Stlth    ++++......             (no amulet)
HPRegen  0.08/turn              k - ring of protection from magic
MPRegen  0.10/turn              (no ring)

@: very quick
A: very small, unfitting armour, reduced essence, hooves 1, horns 1, see
invisible, herbivore, speed 3, sense surroundings 1, slow metabolism 2
a: Recall Ancestor, Ancestor Identity, Renounce Religion


You were on level 5 of the Dungeon.
You worshipped Hepliaklqana.
Hepliaklqana was aware of your devotion.
You were not hungry.

You visited 1 branch of the dungeon, and saw 5 of its levels.

You collected 164 gold pieces.

Inventory:

Hand Weapons
 a - a +2 dagger
 b - a +0 blowgun (weapon)
 l - a +2 hunting sling
Missiles
 e - 8 poisoned needles (quivered)
 f - 2 curare-tipped needles
 h - 18 sling bullets
 j - 139 stones
Armour
 c - a +0 robe (worn)
 d - a +0 cloak (worn)
Jewellery
 i - a -2 ring of dexterity
 k - a ring of protection from magic (left hand)
Wands
 n - a wand of paralysis (13)
 o - a wand of flame (25)
Scrolls
 q - 2 scrolls of remove curse
 r - a scroll of teleportation
 s - a scroll of fog
 t - a scroll of amnesia
 u - a scroll of fear
 v - a scroll of identify
Comestibles
 g - 7 rations


   Skills:
 + Level 2.3 Fighting
 + Level 2.4 Short Blades
 + Level 5.5(5.8) Slings
 + Level 2.0(3.5) Throwing
 + Level 1.9 Dodging
 + Level 6.9 Stealth


You had 4 spell levels left.
You didn't know any spells.
Your spell library contained the following spells:

 Spells                   Type           Power        Failure   Level  Hunger
 Shock                    Conj/Air       #...         32%         1    ##.....
 Swiftness                Chrm/Air       #.......     45%         2    ###....
 Static Discharge         Conj/Air       #.......     69%         3    ####...
 Airstrike                Air            #.........   97%         4    #####..
 Lightning Bolt           Conj/Air       #.........   100%        5    ######.


Dungeon Overview and Level Annotations

Branches:
Dungeon (5/15)
 Temple: D:4-7

Altars:
Ashenzari
Gozag
Hepliaklqana
Okawaru


Innate Abilities, Weirdness & Mutations

You are very small and have problems with some larger weapons.
You are too small for most types of armour.
You have supernaturally acute eyesight. (SInv)
You are a herbivore.
You cover ground extremely quickly.
You need to consume almost no food.
Your life essence is reduced to manifest your ancestor. (-10% HP)
You have large cloven feet.
You have a pair of small horns on your head.
You passively map a small area around you.


Message History

The orc hits Nammahani but does no damage.
Nammahani hits the orc.
The orc dies!
Nammahani barely misses the orc.
The orc hits Nammahani with a mace.
A hound comes into view.
Nammahani completely misses the orc.
The orc hits Nammahani with a mace.
Nammahani hits the orc.
The orc barely misses Nammahani.
Nammahani barely misses the orc.
Nammahani hits the orc but does no damage.
The orc misses Nammahani.
Wield which item (- for none, * to show all)? (? for menu, Esc to quit)
b - a +0 blowgun (weapon)
The orc priest miscasts a cantrip.
Nammahani hits the orc but does no damage.
The orc priest mumbles some strange prayers to Beogh against you.
Beogh smites you!
Ouch! That really hurt!
You die...

* , , #...s....., ,
## * #.###..o......
* .. #....hs.......
# ,#.#.#### #h# ,
#. #......# #o#, *
* , .. , #.# #R# **
* #.######.# #.# *
* , #........###
#.# , ,
..##.........# #@#*
.........)..># #.#
.###.....)...# #.#
,#........†###.# *
,#........†'...#
#.........#######
..................,
,
..######...<######*
* .. ........#*


You could see the friendly Nammahani the ancestor, an orc priest, an orc, 2
jackals and a giant cockroach.

Vanquished Creatures
  An orc priest (D:5)
  2 orc wizards (D:4)
  A worker ant (D:4)
  3 adders
  A worm (D:4)
  A dart slug (D:3)
  A leopard gecko (D:4)
  8 orcs
  3 bats (D:2)
  4 giant cockroaches
  10 goblins
  7 hobgoblins
  5 kobolds
  2 frilled lizards
  3 rats
52 creatures vanquished.

Vanquished Creatures (collateral kills)
  A howler monkey (D:4)
  A worm (D:2)
  A dart slug (D:2)
  2 orcs
  A giant cockroach (D:4)
  A goblin (D:4)
  A hobgoblin (D:4)
  A quokka zombie (D:5)
9 creatures vanquished.

Vanquished Creatures (others)
  An ancestor (D:4)
1 creature vanquished.

Grand Total: 62 creatures vanquished

Notes
Turn   | Place    | Note
-------+----------+-------------------------------------------
     0 | D:1      | thinkster the Spriggan Assassin began the quest for the
                  | Orb.
     0 | D:1      | Reached XP level 1. HP: 10/10 MP: 2/2
   525 | D:1      | Reached skill level 6 in Stealth
   764 | D:2      | Found a hazy altar of Hepliaklqana.
   805 | D:2      | Became a worshipper of Hepliaklqana the Forgotten
   818 | D:2      | Found a shattered altar of Ashenzari.
   821 | D:2      | Reached XP level 2. HP: 13/13 MP: 3/3
   866 | D:2      | Reached skill level 1 in Slings
  1017 | D:2      | Gained mutation: You passively map a small area around you.
                  | [potion of mutation]
  1017 | D:2      | Gained mutation: You have large cloven feet. [potion of
                  | mutation]
  1017 | D:2      | Gained mutation: You have a pair of small horns on your
                  | head. [potion of mutation]
  1233 | D:2      | Reached XP level 3. HP: 6/16 MP: 4/4
  1775 | D:3      | Found an opulent altar of Gozag.
  1901 | D:4      | Found an iron altar of Okawaru.
  1953 | D:4      | Reached * piety under Hepliaklqana
  2250 | D:4      | Reached XP level 4. HP: 7/20 MP: 5/5
  2332 | D:4      | Reached XP level 5. HP: 9/23 MP: 6/6
  2459 | D:4      | Reached skill level 5 in Slings
  2534 | D:5      | Entered Level 5 of the Dungeon
  2561 | D:5      | Noticed an ogre
  2574 | D:5      | HP: 1/23 [orc priest/divine providence (12)]
  2665 | D:5      | Killed from afar by an orc priest

Skill      XL: |  1  2  3  4  5 |
---------------+----------------+-----
Stealth        | 6 |  6.9
Slings         | 1 3 4 5 |  5.5
Fighting       | 2 |  2.3
Short Blades   | |  2.4
Throwing       | |  2.0
Dodging        | |  1.9

Action                   |  1- 3 |  4- 6 || total
-------------------------+-------+-------++-------
Melee: Dagger            |    11 |    40 ||    51
       Kick              |     5 |    11 ||    16
       Headbutt          |     1 |     8 ||     9
 Fire: Hunting sling     |   103 |    25 ||   128
       Blowgun           |       |     9 ||     9
Invok: Ancestor Identity |     1 |       ||     1
       Recall Ancestor   |     4 |       ||     4
  Use: Scroll            |    10 |     2 ||    12
       Potion            |     6 |     3 ||     9
Armor: Robe              |     4 |     2 ||     6
Dodge: Dodged            |    17 |    26 ||    43
